 Dungeon Crawl Stone Soup version 0.20.0-15-g7f486f2 (webtiles) character file.

154 Chiseanne the Magician (level 5, 11/35 HPs)
             Began as a Demonspawn Wizard on June 15, 2017.
             Quit the game on level 2 of the Dungeon.
             The game lasted 00:04:54 (3365 turns).

Chiseanne the Magician (Demonspawn Wizard)          Turns: 3365, Time: 00:04:54

Health: 11/35      AC:  2    Str:  7    XL:     5   Next: 13%
Magic:  7/11       EV: 12    Int: 21    God:
Gold:   85         SH:  0    Dex: 11    Spells: 3/12 levels left

rFire    + . .     SeeInvis .   a - +2 dagger (venom)
rCold    . . .     Gourm    .   (no shield)
rNeg     . . .     Faith    .   l - +0 robe
rPois    .         Spirit   .   b - +0 hat
rElec    .         Reflect  .   (no cloak)
rCorr    .         Harm     .   (no gloves)
MR       .....                  (no boots)
Stlth    ++........             (no amulet)
Regen    0.2/turn               n - ring of protection from fire
MPRegen  0.2/turn               (no ring)

@: lethally poisoned (11 -> -17), very slightly contaminated
A: antennae 1, rot immunity
a: no special abilities


You were on level 2 of the Dungeon.
You were hungry.

You visited 1 branch of the dungeon, and saw 3 of its levels.

You collected 85 gold pieces.

Inventory:

Hand Weapons
 a - a +2 dagger of venom (weapon)
 s - a +2 short sword of protection
Missiles
 e - 69 stones (quivered)
 j - 27 bolts
 p - 25 arrows
 r - 20 sling bullets
Armour
 b - a +0 hat (worn)
 l - a +0 robe (worn)
Jewellery
 n - a ring of protection from fire (left hand)
Potions
 c - a potion of curing {unknown}
 h - 3 potions of magic
 k - a potion of haste {unknown}
 m - a potion of ambrosia {unknown}
 o - a potion of degeneration {unknown}
Comestibles
 d - 2 bread rations
 f - a royal jelly
 g - 2 fruits
 i - 2 chunks of flesh


   Skills:
 - Level 1.7 Dodging
 - Level 1.7 Stealth
 * Level 4.4 Spellcasting
 * Level 3.5 Conjurations
   Level 1.0 Summonings
 - Level 0.8 Translocations


You had 3 spell levels left.
You knew the following spells:

 Your Spells              Type           Power        Failure   Level  Hunger
a - Magic Dart            Conj           ###.         2%          1    None
b - Blink                 Tloc           N/A          12%         2    #......
c - Conjure Flame         Conj/Fire      ##......     17%         3    ##.....
d - Mephitic Cloud        Conj/Pois/Air  #.......     22%         3    ##.....


Dungeon Overview and Level Annotations

Branches:
Dungeon (3/15)

Altars:
Makhleb
Vehumet


Innate Abilities, Weirdness & Mutations

You have a pair of small antennae on your head.
You are immune to rotting.


Message History

You feel sick.
The orc wizard hits you with a dagger of venom.
You are lethally poisoned!
You closely miss the orc wizard.
The orc wizard is lightly wounded.
You feel sick. The orc wizard closely misses you.
You are feeling hungry.
You hit the orc wizard.
The orc wizard looks as sick as possible!
The orc wizard is heavily wounded.
You feel sick.
The orc wizard hits you but does no damage.
You are more poisoned.
You hit the orc wizard.
You kill the orc wizard!
You have reached level 5!
Your demonic ancestry asserts itself...
A pair of antennae grows on your head!
You feel very sick.
Are you sure you want to abandon this character and quit the game? (Confirm with "yes".)

### ##.##
##.#.##
#######.###.##
#......##
##.#######
#.###.##
##@)....# ####.#
##.##
##)#####.#######
#....# ##.###.##
#.#.....# #.####
##.#.##
#.#.....# #.##
#..## #.......#
#..# ##'##
###.....# ##.#
##...## #.....#
##.# ##..)..##
#####.### #..#
##.......##
##.###.#


There were no monsters in sight!

Vanquished Creatures
  An orc wizard (D:2)
  5 adders (D:2)
  A worm (D:2)
  A dart slug (D:1)
  3 leopard geckos
  2 orcs (D:2)
  15 giant cockroaches
  9 goblins
  8 hobgoblins
  6 kobolds
  4 bats (D:2)
  4 frilled lizards
  8 rats
67 creatures vanquished.

Notes
Turn   | Place    | Note
-------+----------+-------------------------------------------
     0 | D:1      | Chiseanne the Demonspawn Wizard began the quest for the Orb.
     0 | D:1      | Reached XP level 1. HP: 13/13 MP: 4/4
   595 | D:1      | Gained mutation: You are immune to rotting. [demonic ancestry]
   595 | D:1      | Reached XP level 2. HP: 14/19 MP: 0/6
  1234 | D:1      | Reached XP level 3. HP: 18/24 MP: 1/8
  1799 | D:2      | Reached skill level 4 in Spellcasting
  1799 | D:2      | Reached XP level 4. HP: 22/30 MP: 7/10
  2247 | D:2      | Learned a level 2 spell: Blink
  2251 | D:2      | Learned a level 3 spell: Conjure Flame
  2255 | D:2      | Learned a level 3 spell: Mephitic Cloud
  2380 | D:2      | Found a burning altar of Makhleb.
  2382 | D:2      | Found a radiant altar of Vehumet.
  3364 | D:2      | Gained mutation: You have a pair of small antennae on your head. [demonic ancestry]
  3364 | D:2      | Reached XP level 5. HP: 13/35 MP: 7/11
  3365 | D:2      | Quit the game

Skill      XL: |  1  2  3  4 |
---------------+-------------+-----
Conjurations   | 2 3 |  3.5
Spellcasting   | 4 |  4.4
Dodging        | |  1.7
Stealth        | |  1.7
Summonings     | |  1.0
Translocations | |  0.8

Action                   |  1- 3 |  4- 6 || total
-------------------------+-------+-------++-------
Melee: Dagger            |    42 |    10 ||    52
       Short sword       |    23 |       ||    23
 Cast: Magic Dart        |    76 |    53 ||   129
       Blink             |       |     2 ||     2
  Use: Scroll            |     4 |     4 ||     8
  Eat: Chunk             |     3 |     4 ||     7
Armor: Robe              |    15 |     4 ||    19
Dodge: Dodged            |    43 |    14 ||    57
